 Dungeon Crawl Stone Soup version 0.24-a0-415-g6d73c25c48 (webtiles) character file.

Game seed: 11141892187106554196

24038 ohad the Carver (level 13, -2/98 HPs)
             Began as a Gnoll Wanderer on June 7, 2019.
             Was an Initiate of Gozag.
             Engulfed by an ice statue's freezing vapour (20 damage)
             ... in an ice cave.
             The game lasted 00:55:22 (19611 turns).

ohad the Carver (Gnoll Wanderer)                   Turns: 19611, Time: 00:55:22

Health: -2/98      AC: 15    Str: 20    XL:     13   Next: 10%
Magic:  25/25      EV: 23    Int: 17    God:    Gozag
Gold:   382        SH: 12    Dex: 22    Spells: 22/28 levels left

rFire    . . .     SeeInvis .   J - +2 scimitar (flame)
rCold    + . .     Gourm    .   d - +0 shield
rNeg     . . .     Faith    .   t - +1 scale mail
rPois    .         Spirit   .   (no helmet)
rElec    .         Reflect  .   B - +2 cloak
rCorr    .         Harm     .   p - +0 pair of gloves
MR       .....                  D - +0 pair of boots
Stlth    ++++......             T - amulet of rage
HPRegen  0.26/turn              Q - ring of protection from cold
MPRegen  0.19/turn              E - +3 ring of evasion

@: mighty, agile, berserk cooldown, slowed, very slow
A: distributed training, fangs 1, strong nose
a: Potion Petition, Call Merchant, Bribe Branch, Renounce Religion, Evoke
Berserk Rage


You were in an ice cave.
You worshipped Gozag.
Gozag was aware of your devotion.
You were near starving.

You visited 2 branches of the dungeon, and saw 16 of its levels.
You also visited: Bailey and Ice Cave.

You collected 3279 gold pieces.
You spent 934 gold pieces at shops.
You paid 1963 gold pieces to Gozag.

Inventory:

Hand Weapons
 c - the +4 dagger of a bailey {vamp, rElec rN+}
   (You found it on level 11 of the Dungeon)

   It inflicts no extra harm, but heals its wielder when it wounds a living foe.
   It insulates you from electricity.
   It protects you from negative energy.
 h - a +0 arbalest
 J - a +2 scimitar of flaming (weapon)
 O - a +5 scimitar of electrocution
 P - the +0 rapier of the Boar {pierce, rC++}
   (You found it on level 6 of the Dungeon)

   It inflicts extra damage upon your enemies.
   It greatly protects you from cold.
 Y - a +5 great sword of slicing
Missiles
 n - 250 stones
 r - 67 poisoned darts (quivered)
 s - 161 bolts
 v - 3 atropa-tipped darts
 z - 7 curare-tipped darts
Armour
 b - +1 fire dragon scales
 d - a +0 shield (worn)
 p - a +0 pair of gloves (worn)
 t - a +1 scale mail (worn)
 B - a +2 cloak (worn)
 D - a +0 pair of boots (worn)
 V - a +1 leather armour of poison resistance
Magical Staves
 N - an uncursed staff of energy
Jewellery
 a - an uncursed amulet of guardian spirit
 i - an uncursed ring of protection from magic
 k - an uncursed ring of fire
 q - an uncursed ring of see invisible
 E - a +3 ring of evasion (right hand)
 G - an uncursed ring of protection from magic
 H - an uncursed amulet of magic regeneration
 Q - a ring of protection from cold (left hand)
 T - an amulet of rage (around neck)
Wands
 j - a wand of iceblast (8)
 C - a wand of acid (13)
 R - a wand of flame (22)
 W - a wand of polymorph (10)
Scrolls
 g - 3 scrolls of blinking
 m - 3 scrolls of enchant weapon
 w - 9 scrolls of remove curse
 x - a scroll of fog
 F - 3 scrolls of immolation
 I - a scroll of holy word
 K - 5 scrolls of identify
 L - 3 scrolls of teleportation
 M - a scroll of fear
Potions
 e - 3 potions of lignification
 l - a potion of brilliance
 o - 5 potions of flight
 u - a potion of curing
 A - 2 potions of ambrosia
 U - a potion of mutation
 X - a potion of cancellation
 Z - 2 potions of haste
Miscellaneous
 y - a box of beasts
Comestibles
 f - 10 rations


   Skills:
 + Level 8.3 Fighting
 + Level 7.8 Short Blades
 + Level 10.2 Long Blades
 + Level 7.8 Axes
 + Level 7.8 Maces & Flails
 + Level 7.8 Polearms
 + Level 7.8 Staves
 + Level 7.8 Slings
 + Level 7.8 Bows
 + Level 7.8 Crossbows
 + Level 7.8 Throwing
 + Level 7.8 Armour
 + Level 8.3 Dodging
 + Level 8.2 Stealth
 + Level 8.3 Shields
 + Level 7.8 Unarmed Combat
 + Level 8.4 Spellcasting
 + Level 6.5 Conjurations
 + Level 6.5 Hexes
 + Level 6.9 Charms
 + Level 6.5 Summonings
 + Level 6.5 Necromancy
 + Level 6.5 Translocations
 + Level 6.9 Transmutations
 + Level 6.5 Fire Magic
 + Level 6.5 Ice Magic
 + Level 6.5 Air Magic
 + Level 6.5 Earth Magic
 + Level 6.5 Poison Magic
 + Level 8.6 Invocations
 + Level 7.8 Evocations


You had 22 spell levels left.
You knew the following spells:

 Your Spells              Type           Power        Failure   Level  Hunger
a - Passwall              Tmut/Erth      ####....     6%          2    None
b - Mephitic Cloud        Conj/Pois/Air  ####....     12%         3    #......
c - Sting                 Conj/Pois      ####         4%          1    None

Your spell library contained the following spells:

 Spells                   Type           Power        Failure   Level  Hunger
 Beastly Appendage        Tmut           ####..       3%          1    None
 Sandblast                Erth           ####..       4%          1    None
 Spider Form              Tmut/Pois      ####......   12%         3    #......
 Stone Arrow              Conj/Erth      ####..       12%         3    #......
 Petrify                  Tmut/Erth      ####....     36%         4    ###....
 Fulminant Prism          Conj/Hex       ####......   38%         4    ###....
 Lee's Rapid Deconstruct  Erth           ####......   75%         5    #####..


Dungeon Overview and Level Annotations

Branches:
Dungeon (13/15)            Temple (0/1) D:4            Lair (3/6) D:10
 Spider (0/4) Lair:2
  Swamp: Lair:2-4    Shoals: Lair:2-4       Orc: D:9-12      Vaults: D:13-14

Altars:
Cheibriados
Dithmenos
Elyvilon
Fedhas
Gozag
Makhleb
Nemelex Xobeh
Qazlal
Trog
Vehumet
Wu Jian
Xom
Zin
The Shining One

Shops:
D:3 *   D:8 ?   D:10 (

Annotations:
D:3 2 transporters, Scuka's ghost, amateur DrFE IceCv 1 transporter, exclusion: ice statue


Innate Abilities, Weirdness & Mutations

Your experience applies equally to all skills.
You have very sharp teeth.
Your uncanny sense of smell can sniff out nearby items.


Message History

[c] - 390 gold - resistance and flight Purchase which effect?
You no longer have enough gold to petition Gozag for potion effects.
You feel very mighty all of a sudden.
You feel agile all of a sudden. The ice beast closely misses you.
The ice beast completely misses you. x2
You block the ice beast's attack. x3
You hit the ice statue but do no damage.
You bite the ice statue!
The ice statue is severely damaged.
The ice statue gestures at you. The bolt of cold misses you.
The bolt of cold hits the ice beast.
The ice beast completely resists.
You block the ice beast's attack. x2
The ice beast hits you but does no damage.
The ice statue gestures at you. The freezing blast misses you.
You slash the ice statue!
You melt the ice statue.
The ice statue is severely damaged.
You are engulfed in freezing vapours.
You resist.
You die...
Your body crumbles into a pile of gold.

#######
##.....##
##...∩...##
##.........##
#.....©.....#
#...........#
##...........##
#......○Y○....#
#....$.Y@8....#
#......Y○○....#
##....?.!☼...##
#...8.|.8...#
##...%©$...##
###########


You could see an ice statue and 3 ice beasts.

Vanquished Creatures
  3 hydras
  The ghost of toftt the Slinger, a journeyman HaEE of Makhleb (Lair:1)
  An unseen horror (D:11)
  3 ugly things
  A manticore (D:11)
  An ice statue (IceCv)
  A black mamba (Lair:1)
  A centaur zombie (D:10)
  7 spiny frogs
  2 efreet (D:11)
  3 rime drakes
  A kobold demonologist (D:11)
  A queen bee (D:11)
  A troll (D:13)
  A jumping spider (Lair:2)
  5 blink frogs (Lair:1)
  4 hippogriffs
  A wyvern (D:10)
  27 yaks
  A human (D:8)
  4 hogs (D:8)
  A hungry ghost (D:9)
  7 water moccasins
  2 porcupines
  10 orc warriors
  10 ice beasts
  5 sky beasts
  A hornet zombie (D:10)
  An eye of draining (D:10)
  A necrophage (D:8)
  A black bear (D:4)
  3 phantoms (D:7)
  4 ogres
  3 centaurs
  7 crocodiles
  A big kobold (D:11)
  4 bullfrogs
  A gnoll sergeant (D:7)
  A water moccasin skeleton (D:9)
  2 scorpions
  29 killer bees
  2 howler monkeys
  2 electric eels (D:10)
  3 crimson imps
  A quasit (D:7)
  8 hounds
  3 jellies
  5 orc priests
  A centaur skeleton (D:8)
  5 orc wizards
  A bullfrog skeleton (D:11)
  An iguana (D:5)
  5 worker ants
  A killer bee zombie (D:10)
  5 gnolls
  10 adders
  3 shadow imps
  4 worms
  2 dart slugs (D:3)
  4 leopard geckos
  38 orcs
  7 giant cockroaches
  5 goblins
  8 hobgoblins
  2 jackals (D:10)
  11 kobolds
  6 quokkas
  7 bats
  7 frilled lizards
  A leopard gecko skeleton (D:4)
  A quokka skeleton (D:9)
  9 rats
332 creatures vanquished.

Vanquished Creatures (others)
  A killer bee (D:11)
  An orc wizard (D:8)
  5 plants (Lair:1)
7 creatures vanquished.

Grand Total: 339 creatures vanquished

Notes
Turn   | Place    | Note
-------+----------+-------------------------------------------
     0 | D:1      | ohad the Gnoll Wanderer began the quest for the Orb.
     0 | D:1      | ohad set off with the following items: a +0 falchion, a +0
                  | robe, a ration; and the following spells available to
                  | memorise: Sandblast, Sting, Passwall, Mephitic Cloud, Stone
                  | Arrow, Petrify, Lee's Rapid Deconstruction
     0 | D:1      | Reached XP level 1. HP: 17/17 MP: 4/4
   361 | D:1      | Reached XP level 2. HP: 21/23 MP: 5/5
   387 | D:1      | You fall into a shaft and drop 1 floor!
  1056 | D:2      | Reached XP level 3. HP: 28/28 MP: 7/7
  1282 | D:2      | Reached skill level 1 in Invocations
  1670 | D:3      | Reached skill level 1 in Short Blades
  1670 | D:3      | Reached skill level 1 in Axes
  1670 | D:3      | Reached skill level 1 in Maces & Flails
  1670 | D:3      | Reached skill level 1 in Polearms
  1670 | D:3      | Reached skill level 1 in Staves
  1670 | D:3      | Reached skill level 1 in Slings
  1670 | D:3      | Reached skill level 1 in Bows
  1670 | D:3      | Reached skill level 1 in Crossbows
  1670 | D:3      | Reached skill level 1 in Throwing
  1670 | D:3      | Reached skill level 1 in Armour
  1670 | D:3      | Reached skill level 1 in Unarmed Combat
  1670 | D:3      | Reached skill level 1 in Evocations
  1670 | D:3      | Reached XP level 4. HP: 30/34 MP: 8/8
  1682 | D:3      | Found Gozag's Platinum Reserve.
  1682 | D:3      | Found an opulent altar of Gozag.
  1739 | D:3      | Became a worshipper of Gozag Ym Sagoz the Greedy
  1936 | D:2      | Found a shimmering altar of Xom.
  2013 | D:3      | Noticed Scuka's ghost (amateur DrFE)
  2047 | D:3      | Found a transporter.
  2106 | D:3      | Reached skill level 1 in Conjurations
  2106 | D:3      | Reached skill level 1 in Hexes
  2106 | D:3      | Reached skill level 1 in Summonings
  2106 | D:3      | Reached skill level 1 in Necromancy
  2106 | D:3      | Reached skill level 1 in Translocations
  2106 | D:3      | Reached skill level 1 in Fire Magic
  2106 | D:3      | Reached skill level 1 in Ice Magic
  2106 | D:3      | Reached skill level 1 in Air Magic
  2106 | D:3      | Reached skill level 1 in Earth Magic
  2106 | D:3      | Reached skill level 1 in Poison Magic
  2209 | D:3      | Found a transporter.
  2584 | D:4      | Noticed a black bear
  2615 | D:4      | Killed a black bear
  2615 | D:4      | Reached XP level 5. HP: 5/41 MP: 9/9
  2986 | D:4      | Found a radiant altar of Vehumet.
  3047 | D:4      | Found a shadowy altar of Dithmenos.
  3090 | D:4      | Noticed an ogre
  3452 | D:4      | Killed an ogre
  3452 | D:4      | Reached XP level 6. HP: 20/47 MP: 9/11
  4033 | D:4      | Found a staircase to the Ecumenical Temple.
  4299 | D:5      | Entered Level 5 of the Dungeon
  4809 | D:5      | Noticed an ice beast
  4843 | D:5      | Killed an ice beast
  4843 | D:5      | Reached XP level 7. HP: 21/52 MP: 12/12
  5045 | D:5      | Reached skill level 7 in Long Blades
  5410 | D:5      | Learned a level 2 spell: Passwall
  5414 | D:5      | Learned a level 3 spell: Mephitic Cloud
  5698 | D:6      | Found a blossoming altar of Fedhas.
  5831 | D:6      | Reached XP level 8. HP: 51/60 MP: 12/14
  5877 | D:6      | Got an ivory rapier
  5878 | D:6      | Identified the cursed +0 rapier of the Boar {pierce, rC++}
                  | (You found it on level 6 of the Dungeon)
  5941 | D:6      | Found a blossoming altar of Fedhas.
  5955 | D:6      | Found a stormy altar of Qazlal.
  6041 | D:6      | Noticed a moth of wrath
  6044 | D:6      | Found a bloodstained altar of Trog.
  6443 | D:6      | Learned a level 1 spell: Sting
  6826 | D:7      | Found a flagged portal.
  6855 | Bailey   | Entered a bailey
  7684 | Bailey   | Reached XP level 9. HP: 23/66 MP: 7/16
  8447 | Bailey   | Identified the Disquisition on Shifting Attacks
  8449 | Bailey   | Noticed an orc knight
  8565 | D:7      | Found a white marble altar of Elyvilon.
  8591 | D:7      | Reached skill level 5 in Spellcasting
  8945 | D:8      | Reached skill level 5 in Fighting
  8945 | D:8      | Reached skill level 5 in Dodging
  8945 | D:8      | Reached skill level 5 in Shields
  9490 | D:8      | Reached skill level 5 in Stealth
  9575 | D:8      | Reached skill level 8 in Long Blades
  9735 | D:8      | Reached skill level 5 in Invocations
  9762 | D:8      | Found Gisudgh's Magic Scroll Shoppe.
  9770 | D:8      | Bought a scroll of teleportation for 39 gold pieces
  9770 | D:8      | Bought a scroll of blinking for 97 gold pieces
  9770 | D:8      | Bought a scroll of identify for 26 gold pieces
  9770 | D:8      | Bought a scroll of blinking for 97 gold pieces
  9770 | D:8      | Bought 2 scrolls of identify for 52 gold pieces
  9770 | D:8      | Bought a scroll of teleportation for 39 gold pieces
  9770 | D:8      | Bought a scroll of fear for 45 gold pieces
  9770 | D:8      | Bought a scroll of identify for 26 gold pieces
 10266 | D:8      | Reached XP level 10. HP: 47/74 MP: 13/18
 10830 | D:8      | Reached skill level 5 in Short Blades
 10830 | D:8      | Reached skill level 5 in Axes
 10830 | D:8      | Reached skill level 5 in Maces & Flails
 10830 | D:8      | Reached skill level 5 in Polearms
 10830 | D:8      | Reached skill level 5 in Staves
 10830 | D:8      | Reached skill level 5 in Slings
 10830 | D:8      | Reached skill level 5 in Bows
 10830 | D:8      | Reached skill level 5 in Crossbows
 10830 | D:8      | Reached skill level 5 in Throwing
 10830 | D:8      | Reached skill level 5 in Armour
 10830 | D:8      | Reached skill level 5 in Unarmed Combat
 10830 | D:8      | Reached skill level 5 in Evocations
 11695 | D:9      | Found a snail-covered altar of Cheibriados.
 11732 | D:9      | Found a glowing silver altar of Zin.
 11732 | D:9      | Noticed an angel
 11773 | D:9      | Found an ornate altar of the Wu Jian Council.
 11774 | D:9      | Found a sparkling altar of Nemelex Xobeh.
 11775 | D:9      | Found a shimmering altar of Xom.
 12064 | D:9      | Found a glowing golden altar of the Shining One.
 12239 | D:10     | Entered Level 10 of the Dungeon
 12239 | D:10     | Found a staircase to the Lair.
 12836 | D:10     | Reached skill level 5 in Charms
 12836 | D:10     | Reached skill level 5 in Transmutations
 13445 | D:10     | Bought a +5 great sword of slicing for 513 gold pieces
 13448 | D:10     | Reached XP level 11. HP: 71/82 MP: 20/20
 14247 | D:11     | Reached skill level 9 in Long Blades
 14247 | D:11     | Noticed a purple ugly thing
 14252 | D:11     | Reached skill level 5 in Conjurations
 14252 | D:11     | Reached skill level 5 in Hexes
 14252 | D:11     | Reached skill level 5 in Summonings
 14252 | D:11     | Reached skill level 5 in Necromancy
 14252 | D:11     | Reached skill level 5 in Translocations
 14252 | D:11     | Reached skill level 5 in Fire Magic
 14252 | D:11     | Reached skill level 5 in Ice Magic
 14252 | D:11     | Reached skill level 5 in Air Magic
 14252 | D:11     | Reached skill level 5 in Earth Magic
 14252 | D:11     | Reached skill level 5 in Poison Magic
 14273 | D:11     | Killed a purple ugly thing
 14540 | D:11     | You fall into a shaft and drop 2 floors!
 14844 | D:11     | Noticed an unseen horror
 14881 | D:11     | Killed an unseen horror
 14927 | D:11     | Noticed a manticore
 14933 | D:11     | Killed a manticore
 15647 | D:11     | Got a warped dagger
 15648 | D:11     | Identified the +4 dagger of a bailey {vamp, rElec rN+} (You
                  | found it on level 11 of the Dungeon)
 15807 | Lair:1   | Entered Level 1 of the Lair of Beasts
 15833 | Lair:1   | Reached XP level 12. HP: 91/91 MP: 23/23
 16182 | Lair:1   | Noticed toftt's ghost (journeyman HaEE)
 16183 | Lair:1   | Found a runed translucent gate.
 16183 | Lair:1   | Found a runed translucent gate.
 16183 | Lair:1   | Found a runed translucent gate.
 16183 | Lair:1   | Noticed a 12-headed hydra
 16183 | Lair:1   | Noticed a nine-headed hydra
 17067 | Lair:1   | Killed a three-headed hydra
 17332 | Lair:1   | Killed toftt's ghost
 17992 | Lair:1   | Killed a four-headed hydra
 18419 | Lair:2   | Noticed a seven-headed hydra
 18436 | Lair:2   | Killed a one-headed hydra
 19004 | Lair:2   | Found a hole to the Spider Nest.
 19192 | Lair:3   | Reached skill level 10 in Long Blades
 19353 | Lair:3   | Found a burning altar of Makhleb.
 19492 | Lair:3   | Found a frozen archway.
 19510 | Lair:3   | Reached XP level 13. HP: 46/98 MP: 25/25
 19517 | IceCv    | Entered an ice cave
 19564 | IceCv    | Found a transporter.
 19579 | IceCv    | Found a transporter.
 19611 | IceCv    | Engulfed by an ice statue's freezing vapour

Levels and vault maps discovered:
D:1:      minmay_arrival_cross, layout_basic, wad_floor_pattern_2
D:2:      lemuel_upstairs_altar, layout_loops_ring, first_ration
D:3:      layout_basic, nicolae_gozag_zags_fifth_avenue,
          gammafunk_ghost_stat_death
D:4:      layout_layer_cave, lemuel_doored_altar,
          nicolae_dithmenos_shadow_blocks, minmay_temple_entry_nine_rooms
D:5:      layout_basic
D:6:      layout_loops_ring, grunt_temple_overflow_forces_of_nature, tgw_trog,
          basic_altar
D:7:      layout_rooms, elyvilon_altar_1, enter_bailey_3
D:8:      layout_rooms, serial_shops, kennysheep_little_box, grunt_livestock
D:9:      layout_small_grid, zin_angel, nicolae_overflow_hidden_temple,
          chequers_temple_overflow_statue_of_worship, basic_altar
D:10:     layout_long_grid, lair_entry_dummy, serial_bayou_lagoon_b
D:11:     regret_index_tunnel_blossom, layout_basic,
          chequers_serial_rivers_micro_b, grunt_ministairs_6,
          kennysheep_another_room
D:12:     layout_gridville, orc_david_3
D:13:     layout_loops_corners, david_vaults_1, kennysheep_doodads, drop_trap,
          uniq_urug
Lair:1:   layout_small_grid, gammafunk_ghost_hydra_chop, grunt_megastairs_2
Lair:2:   layout_regular_city, spider_nest_entry_rubble
Lair:3:   layout_cave_shapes, portal_ice_cave_rime, lemuel_centaur_altar
IceCv:    ice_cave_statue_garden_transporter

Skill      XL: |  1  2  3  4  5  6  7  8  9 10 11 12 |
---------------+-------------------------------------+-----
Charms         | 2 3 4 5 6 |  6.9
Transmutations | 2 3 4 5 6 |  6.9
Invocations    | 1 2 3 4 5 6 7 8 |  8.6
Short Blades   | 1 2 3 4 5 6 7 |  7.8
Axes           | 1 2 3 4 5 6 7 |  7.8
Maces & Flails | 1 2 3 4 5 6 7 |  7.8
Polearms       | 1 2 3 4 5 6 7 |  7.8
Staves         | 1 2 3 4 5 6 7 |  7.8
Slings         | 1 2 3 4 5 6 7 |  7.8
Bows           | 1 2 3 4 5 6 7 |  7.8
Crossbows      | 1 2 3 4 5 6 7 |  7.8
Throwing       | 1 2 3 4 5 6 7 |  7.8
Armour         | 1 2 3 4 5 6 7 |  7.8
Unarmed Combat | 1 2 3 4 5 6 7 |  7.8
Evocations     | 1 2 3 4 5 6 7 |  7.8
Spellcasting   | 3 4 5 6 7 8 |  8.4
Conjurations   | 1 2 3 4 5 6 |  6.5
Hexes          | 1 2 3 4 5 6 |  6.5
Summonings     | 1 2 3 4 5 6 |  6.5
Necromancy     | 1 2 3 4 5 6 |  6.5
Translocations | 1 2 3 4 5 6 |  6.5
Fire Magic     | 1 2 3 4 5 6 |  6.5
Ice Magic      | 1 2 3 4 5 6 |  6.5
Air Magic      | 1 2 3 4 5 6 |  6.5
Earth Magic    | 1 2 3 4 5 6 |  6.5
Poison Magic   | 1 2 3 4 5 6 |  6.5
Fighting       | 3 4 5 6 7 8 |  8.3
Dodging        | 3 4 5 6 7 8 |  8.3
Shields        | 3 4 5 6 7 8 |  8.3
Stealth        | 3 4 5 6 7 8 |  8.2
Long Blades    | 7 8 9 10 | 10.2

Action                   |  1- 3 |  4- 6 |  7- 9 | 10-12 | 13-15 || total
-------------------------+-------+-------+-------+-------+-------++-------
Melee: Falchion          |   101 |   174 |   108 |       |       ||   383
       Bite              |    16 |    28 |    52 |   149 |    15 ||   260
       Punch             |       |     4 |     8 |    13 |       ||    25
       Rapier            |       |       |    67 |       |       ||    67
       Long sword        |       |       |   216 |   277 |       ||   493
       Whip              |       |       |       |    69 |       ||    69
       Dagger            |       |       |       |    19 |       ||    19
       Great sword       |       |       |       |   186 |       ||   186
       Scimitar          |       |       |       |   348 |    50 ||   398
 Fire: Hand crossbow     |       |       |    33 |       |       ||    33
       Arbalest          |       |       |    33 |     1 |       ||    34
Throw: Dart              |       |     4 |       |    12 |       ||    16
       Stone             |       |     1 |       |       |       ||     1
 Cast: Sting             |       |       |    60 |    37 |       ||    97
       Mephitic Cloud    |       |       |       |     3 |       ||     3
Invok: Call Merchant     |       |       |       |     1 |       ||     1
       Potion Petition   |       |       |       |     3 |     2 ||     5
 Abil: Evoke Berserk Rag |       |       |       |       |     1 ||     1
  Use: Scroll            |       |    11 |    11 |     8 |       ||    30
       Potion            |       |     2 |     3 |    14 |     2 ||    21
 Stab: Sleeping          |     2 |       |     3 |     4 |       ||     9
       Distracted        |       |     2 |     1 |     8 |     1 ||    12
       Invisible         |       |     2 |       |       |       ||     2
       Confused          |       |       |       |     2 |       ||     2
  Eat: Chunk             |     2 |     1 |       |       |       ||     3
       Ration            |       |     3 |     5 |    11 |       ||    19
Armor: Robe              |     1 |       |       |       |       ||     1
       Leather armour    |    23 |       |       |       |       ||    23
       Scale mail        |     3 |    86 |   172 |   215 |    24 ||   500
       Fire dragon scale |       |       |       |   112 |       ||   112
Dodge: Dodged            |    61 |   104 |   353 |   673 |    54 ||  1245
Block: Shield            |       |       |       |   209 |    33 ||   242
       Rpst.: Falchion   |    20 |    37 |    22 |       |       ||    79
       Long sword        |       |       |    56 |    58 |       ||   114
       Great sword       |       |       |       |    50 |       ||    50
       Scimitar          |       |       |       |    51 |    18 ||    69

Table legend:
 A = Non-vault XP
 B = Vault XP
 C = Vault XP percentage of total XP
 D = Non-vault monster count
 E = Vault monster count
 F = Vault count percentage of total count
                 A         B        C        D         E       F
            +---------+---------+-------+---------+---------+-------
      Total |   20606 |   13734 |  40.0 |     236 |      97 |  29.1
            +---------+---------+-------+---------+---------+-------
        D:1 |      25 |       0 |   0.0 |      15 |       0 |   0.0
        D:2 |      43 |       0 |   0.0 |      17 |       0 |   0.0
        D:3 |      85 |       0 |   0.0 |      21 |       0 |   0.0
        D:4 |     253 |       0 |   0.0 |       5 |       0 |   0.0
        D:5 |     715 |       0 |   0.0 |      19 |       0 |   0.0
        D:6 |     249 |      13 |   5.0 |      11 |       5 |  31.2
        D:7 |    1109 |       8 |   0.7 |      17 |       4 |  19.0
        D:8 |    1410 |     979 |  41.0 |      21 |       5 |  19.2
        D:9 |    1164 |       0 |   0.0 |      24 |       0 |   0.0
       D:10 |    3556 |       0 |   0.0 |      30 |       0 |   0.0
       D:11 |    2252 |    5250 |  70.0 |      17 |      44 |  72.1
       D:12 |      50 |       0 |   0.0 |       1 |       0 |   0.0
       D:13 |     307 |       0 |   0.0 |       1 |       0 |   0.0
     Lair:1 |    4409 |    3153 |  41.7 |      18 |       5 |  21.7
     Lair:2 |    3545 |     301 |   7.8 |      12 |       1 |   7.7
     Lair:3 |    1434 |     767 |  34.8 |       7 |       2 |  22.2
     Bailey |       0 |     975 | 100.0 |       0 |      22 | 100.0
      IceCv |       0 |    2288 | 100.0 |       0 |       9 | 100.0
            +---------+---------+-------+---------+---------+-------
